 Dungeon Crawl Stone Soup version 0.28.0-53-g5a82cb258f (webtiles) character file.

Game seed: 15854949859072559725

80 Ijustatesigmund the Firebug (level 4, -8/35 HPs)
             Began as a Hill Orc Fire Elementalist on July 14, 2022.
             Mangled by a gnoll
             ... wielding a +0 halberd
              (9 damage)
             ... on level 2 of the Dungeon.
             The game lasted 00:05:03 (3057 turns).

Ijustatesigmund the Firebug (HOFE)                  Turns: 3057, Time: 00:05:03

Health: -8/35      AC:  3    Str: 10    XL:     4   Next: 39%
Magic:  0/7        EV: 12    Int: 17    God:
Gold:   38         SH:  0    Dex: 11    Spells: 4/7 levels left

rFire   . . .      SeeInvis .   b - +0 hand axe
rCold   . . .      Faith    .   (no shield)
rNeg    . . .      Spirit   .   a - +1 robe
rPois   .          Reflect  .   (no helmet)
rElec   .          Harm     .   (no cloak)
rCorr   .          Rampage  .   (no gloves)
Will    .....                   (no boots)
Stlth   ++........              (no amulet)
HPRegen 0.11/turn               (no ring)
MPRegen 0.10/turn               (no ring)

@: no status effects
A: no striking features
a: no special abilities


You were on level 2 of the Dungeon.
You visited 1 branch of the dungeon, and saw 2 of its levels.

You collected 38 gold pieces.

Inventory:

Hand Weapons
 b - a +0 hand axe (weapon)
Armour
 a - a +1 robe (worn)
Magical Staves
 d - a staff of conjuration
Jewellery
 h - a ring of ice
Scrolls
 g - 3 scrolls of fear
Potions
 c - a potion of brilliance
 e - a potion of degeneration {unknown}
 f - 2 potions of flight {unknown}


   Skills:
 + Level 1.5 Fighting
 + Level 1.6 Axes
 - Level 1.5 Dodging
 - Level 1.5 Stealth
 + Level 2.1 Spellcasting
 + Level 2.1 Conjurations
 + Level 3.9 Fire Magic


You had 4 spell levels left.
You knew the following spells:

 Your Spells              Type           Power      Damage    Failure   Level
a - Foxfire               Conj/Fire      48%        2x1d6     5%          1
b - Scorch                Fire           30%        2d6       5%          2

Your spell library contained the following spells:

 Spells                   Type           Power      Damage    Failure   Level
 Conjure Flame            Conj/Fire      12%        6-21      16%         3
 Inner Flame              Hex/Fire       8%         N/A       26%         3
 Ensorcelled Hibernation  Hex/Ice        2%         N/A       28%         2
 Passwall                 Tmut/Erth      0%         N/A       28%         2
 Flame Wave               Conj/Fire      12%        2d6       47%         4
 Swiftness                Air            1%         N/A       50%         3


Dungeon Overview and Level Annotations

Branches:
Dungeon (2/15)

Altars:
Vehumet

Shops:
D:2 =


Message History

Casting: Scorch (safe; 6% risk of failure)
Confirm with . or Enter, or press ? or * to list all spells.
Flames lash the gnoll.
The gnoll is severely wounded.
The gnoll's fire resistance burns away.
The gnoll hits you with a +0 flail.
Casting: Scorch (safe; 6% risk of failure)
Confirm with . or Enter, or press ? or * to list all spells.
Flames lash the gnoll.
The gnoll is burned terribly!
You kill the gnoll!
You hear a shout!
A gnoll comes into view. It is wielding a +0 halberd.
Casting: Scorch (safe; 5% risk of failure)
Confirm with . or Enter, or press ? or * to list all spells.
Flames lash the gnoll.
The gnoll is moderately wounded.
The gnoll's fire resistance burns away.
A gnoll comes into view. It is wielding a +0 halberd.
The gnoll closely misses you.
Casting: Scorch (safe; 5% risk of failure)
Confirm with . or Enter, or press ? or * to list all spells.
You don't have enough magic to cast this spell.
The gnoll is no longer more vulnerable to fire.
There is an escape hatch in the ceiling here.
Casting: Scorch (safe; 5% risk of failure)
Confirm with . or Enter, or press ? or * to list all spells.
Flames lash the gnoll.
The gnoll is moderately wounded.
The gnoll's fire resistance burns away.
The gnoll hits you from afar with a +0 halberd!
The gnoll hits you from afar with a +0 halberd.
Casting: Scorch (safe; 5% risk of failure)
Confirm with . or Enter, or press ? or * to list all spells.
Flames lash the gnoll.
The gnoll is burned terribly!
The gnoll is severely wounded.
The gnoll hits you from afar with a +0 halberd.
The gnoll hits you from afar with a +0 halberd!
* * * LOW HITPOINT WARNING * * *
The gnoll hits you from afar with a +0 halberd!
You die...

.#.##########.##..##.#..#####.#
,#..........#.##(..........##.#
,##.........#.##...........##.#
,*#.........#.##...........##.#
,##.........#.##...........##.#
,#..........#.##.#......#####.#
,#..........#.##.#.####.# #.#
,#..........#.##.#..###.# #.#
*#.#..#######.##@#......# #.#
#g#..## #.##.#......# #)# #.#...#
#.##g#.._...# #)# #g#.#.##
#.##g#^.....#####.# #.#.#g.#
#.##.#............# #)#.##.##
#.##.##..##.######### #.#.##..#
#...........#........
*#.#.###.####.........###.#######
,..#.....g..g....................


You could see 2 gnolls.

Vanquished Creatures
  A gnoll (D:2)
  3 adders (D:2)
  2 dart slugs
  3 endoplasms
  2 giant cockroaches (D:1)
  3 goblins
  4 hobgoblins
  2 quokkas
  5 ball pythons
  5 bats
  6 frilled lizards
  3 kobolds
  4 rats
43 creatures vanquished.

Vanquished Creatures (others)
  90 foxfires
90 creatures vanquished.

Grand Total: 133 creatures vanquished

Notes
Turn   | Place    | Note
-------+----------+-------------------------------------------
     0 | D:1      | Ijustatesigmund the Hill Orc Fire Elementalist began the
                  | quest for the Orb.
     0 | D:1      | Reached XP level 1. HP: 14/14 MP: 3/3
   459 | D:1      | Reached XP level 2. HP: 19/20 MP: 2/4
   595 | D:1      | Learned a level 2 spell: Scorch
  1510 | D:1      | Reached XP level 3. HP: 25/27 MP: 0/5
  1977 | D:2      | Reached skill level 1 in Axes
  2020 | D:2      | Found Taow's Jewellery Shoppe.
  2052 | D:2      | Reached skill level 1 in Fighting
  2153 | D:2      | Found a radiant altar of Vehumet.
  2255 | D:2      | Reached XP level 4. HP: 18/35 MP: 1/7
  3056 | D:2      | HP: 1/35 [gnoll/+0 halberd (15)]
  3057 | D:2      | Mangled by a gnoll

Illustrated notes

Levels and vault maps discovered:
D:1:      elethiomel_arrival_quiet, layout_basic, serial_aquarium,
          aquarium_bridge_square [aquarium_subvault_balcony,
          aquarium_subvault_wall, aquarium_subvault_bridge,
          aquarium_subvault_balcony], aquarium_window_double, aquarium_window_1,
          aquarium_window_1, aquarium_view_2f, aquarium_pool_2,
          lemuel_another_geyser
D:2:      layout_basic, serial_shops, shop, basic_altar

Skill      XL: |  1  2  3 |
---------------+----------+-----
Spellcasting   | 2 |  2.1
Axes           | 1 |  1.6
Fighting       | 1 |  1.5
Conjurations   | 2 |  2.1
Dodging        | |  1.5
Stealth        | |  1.5
Fire Magic     | |  3.9

Action                   |  1- 3 |  4- 6 || total
-------------------------+-------+-------++-------
Melee: Short sword       |     2 |       ||     2
       Hand axe          |    13 |    10 ||    23
 Cast: Foxfire           |    54 |       ||    54
       Scorch            |     3 |     8 ||    11
  Use: Scroll            |     8 |       ||     8
 Stab: Sleeping          |     3 |       ||     3
Armor: Robe              |     9 |     1 ||    10
Dodge: Dodged            |    37 |     8 ||    45
